 Dungeon Crawl Stone Soup version 0.25.0-15-gac7dcb8919 (webtiles) character file.

Game seed: 12222287851418175012

7291 Esekla the Thaumaturge (level 10, 0/52 HPs)
             Began as a Deep Elf Wanderer on June 29, 2020.
             Was a Priest of Qazlal.
             Killed from afar by a gargoyle (24 damage)
             ... with a stone arrow
             ... on level 11 of the Dungeon on June 30, 2020.
             The game lasted 02:14:38 (14714 turns).

Esekla the Thaumaturge (Deep Elf Wanderer)         Turns: 14714, Time: 02:14:38

Health: 0/52       AC: 13    Str:  9    XL:     10   Next: 89%
Magic:  20/28      EV: 15    Int: 22    God:    Qazlal [***...]
Gold:   648        SH:  3    Dex: 17    Spells: 20/33 levels left

rFire    . . .     SeeInvis .   f - +4 long sword "Zecreosm" {flame, rN+ Dex+4}
rCold    + . .     Gourm    .   (no shield)
rNeg     + . .     Faith    .   F - +3 leather armour {rC+}
rPois    .         Spirit   .   t - +0 helmet
rElec    .         Reflect  .   H - +1 cloak
rCorr    .         Harm     .   (no gloves)
MR       +....                  (no boots)
Stlth    +.........             (no amulet)
HPRegen  0.17/turn              z - +4 ring of protection
MPRegen  0.21/turn              (no ring)

@: no status effects
A: no striking features
a: Upheaval, Elemental Force, Renounce Religion


You were on level 11 of the Dungeon.
You worshipped Qazlal.
Qazlal was most pleased with you.
You were not hungry.

You visited 2 branches of the dungeon, and saw 12 of its levels.

You collected 648 gold pieces.

Inventory:

Hand Weapons
 f - the +4 long sword "Zecreosm" (weapon) {flame, rN+ Dex+4}
   (You found it on level 4 of the Dungeon)

   It has been specially enchanted to burn those struck by it, causing extra
   injury to most foes and up to half again as much damage against particularly
   susceptible opponents.
   Big, fiery blades are also staple armaments of hydra-hunters.
   It affects your dexterity (+4).
   It protects you from negative energy.
 s - a +2 dagger of speed
 v - a +1 dagger of venom
 D - the +5 mace of the Hall of Blades {antimagic, rElec Int+3 SInv}
   (You found it on level 7 of the Dungeon)

   It reduces the magical energy of the wielder, and disrupts the spells and
   magical abilities of those hit.
   Natural abilities and divine invocations are not affected.
   It affects your intelligence (+3).
   It insulates you from electricity.
   It lets you see invisible.
 G - a +3 halberd of pain
Missiles
 d - 8 boomerangs (quivered)
 g - 7 javelins
Armour
 b - a +0 buckler
 t - a +0 helmet (worn)
 F - a +3 leather armour of cold resistance (worn)
 H - a +1 cloak (worn)
 L - +0 steam dragon scales
Magical Staves
 c - an uncursed staff of conjuration
Jewellery
 z - a +4 ring of protection (left hand)
Wands
 C - a wand of polymorph (8)
 J - a wand of iceblast (7)
Scrolls
 a - a scroll of blinking
 i - a scroll of identify
 n - 2 scrolls of remove curse
 o - a scroll of amnesia
 w - 2 scrolls of enchant weapon
 B - 3 scrolls of teleportation
 E - 4 scrolls of silence {unknown}
 M - a scroll of fog
 N - a scroll of fear
Potions
 e - 2 potions of might
 h - 3 potions of heal wounds
 j - a potion of resistance
 k - 5 potions of curing
 l - a potion of lignification
 m - a potion of invisibility {unknown}
 p - a potion of ambrosia
 q - a potion of berserk rage {unknown}
 r - 2 potions of haste {unknown}
 u - a potion of stabbing {unknown}
 x - 2 potions of brilliance {unknown}
 A - a potion of mutation {unknown}
Comestibles
 y - 21 rations


   Skills:
 - Level 1.0 Fighting
 + Level 2.2(4.1) Short Blades
 * Level 4.9(5.1) Long Blades
 + Level 2.0 Staves
 * Level 3.1 Armour
 + Level 6.2 Dodging
 + Level 1.6 Shields
 + Level 12.1 Spellcasting
 + Level 4.5 Conjurations
 + Level 4.2 Translocations
 + Level 4.1 Fire Magic
 + Level 4.7 Ice Magic
 + Level 4.4 Air Magic
   Level 2.1 Earth Magic
 + Level 5.1 Poison Magic
 + Level 1.1 Evocations


You had 20 spell levels left.
You knew the following spells:

 Your Spells              Type           Power        Failure   Level  Hunger
a - Apportation           Tloc           ####..       1%          1    None
b - Blink                 Tloc           N/A          1%          2    None
c - Mephitic Cloud        Conj/Pois/Air  ####....     3%          3    None
d - Magic Dart            Conj           ####         1%          1    None
f - Conjure Flame         Conj/Fire      ####....     3%          3    None
r - Frozen Ramparts       Ice            ####..       2%          3    None

Your spell library contained the following spells:

 Spells                   Type           Power        Failure   Level  Hunger
 Freeze                   Ice            ####         1%          1    None
 Corpse Rot               Necr/Air       N/A          4%          2    None
 Stone Arrow              Conj/Erth      ####..       4%          3    None
 Animate Skeleton         Necr           N/A          7%          1    None
 Corona                   Hex            ##.....      7%          1    None
 Summon Small Mammal      Summ           ##..         7%          1    None
 Call Imp                 Summ           ##......     10%         2    None
 Slow                     Hex            ##......     10%         2    None
 Summon Forest            Summ/Tloc      ###.......   61%         5    ####...
 Eringya's Noxious Bog    Tmut/Pois      ###.......   98%         6    #####..
 Hydra Form               Tmut           ##........   100%        6    #####..
 Summon Hydra             Summ           ##........   100%        7    #######


Dungeon Overview and Level Annotations

Branches:
Dungeon (11/15)            Temple (1/1) D:5            Lair (0/6) D:8
    Orc (0/2) D:9

Altars:
Ashenzari
Cheibriados
Dithmenos
Elyvilon
Fedhas
Gozag
Hepliaklqana
Kikubaaqudgha
Makhleb
Nemelex Xobeh
Okawaru
Qazlal
Ru
Sif Muna
Trog
Uskayaw
Vehumet
Wu Jian
Xom
Yredelemnul
Zin
The Shining One


Message History

You throw a poisoned dart.
The poisoned dart hits the two-headed ogre.
The two-headed ogre is lightly wounded.
The gargoyle hurls a stone arrow at you.
The stone arrow misses you.
The two-headed ogre is engulfed in noxious fumes.
The two-headed ogre appears confused.
Casting: Mephitic Cloud (dangerous; 3% risk of failure)
Confirm with . or Enter, or press ? or * to list all spells.
You blink.
The gargoyle hits you with a +0 mace!
Casting: Blink (safe; 1% risk of failure)
Confirm with . or Enter, or press ? or * to list all spells.
You blink.
A yak comes into view.
The two-headed ogre seems less confused.
The two-headed ogre looks more healthy.
There is a stone staircase leading down here.
The gargoyle hurls a stone arrow at you.
The stone arrow hits you!!
You die...

.....### #.#####
.......## #(.(..#
.....#..###
########.##
.....##...#
#.........#
.....####.#
#.......O.# .....#
#.####.........#
.....#
#...##.........#
..^..#
###.##....9....###
.....#
#.##..@.§......#
######
#.....§......#..Y.
####.........####..
########### #


You could see a two-headed ogre and a gargoyle.

Vanquished Creatures
  An ugly thing (D:8)
  A manticore (D:8)
  Joseph (D:8)
  A queen bee (D:9)
  A wraith (D:8)
  Sigmund (D:2)
  A wyvern (D:9)
  6 yaks (D:11)
  A steam dragon (D:10)
  3 water moccasins
  A swamp drake (D:9)
  2 ice beasts
  2 necrophages
  2 orc warriors (D:9)
  2 black bears (D:6)
  An eye of draining (D:7)
  2 phantoms (D:6)
  A sky beast (D:5)
  2 ogres (D:4)
  2 centaurs
  2 bullfrogs
  A big kobold (D:11)
  A gnoll sergeant (D:9)
  6 scorpions
  24 killer bees
  5 crimson imps
  6 orc priests
  A jelly (D:6)
  Crazy Yiuf (D:7)
  5 hounds
  2 bullfrog skeletons
  A centaur skeleton (D:5)
  2 iguanas
  6 worker ants
  4 orc wizards
  Robin (D:3)
  10 adders
  10 gnolls
  2 shadow imps
  An ooze (D:5)
  3 worms
  3 dart slugs
  4 leopard geckos
  27 orcs
  5 giant cockroaches
  10 goblins
  11 hobgoblins
  4 jackals
  8 kobolds
  9 quokkas
  5 bats
  3 frilled lizards
  A quokka zombie (D:5)
  6 rats
224 creatures vanquished.

Vanquished Creatures (others)
  A wizard (D:6)
1 creature vanquished.

Grand Total: 225 creatures vanquished

Notes
Turn   | Place    | Note
-------+----------+-------------------------------------------
     0 | D:1      | Esekla the Deep Elf Wanderer began the quest for the Orb.
     0 | D:1      | Esekla set off with the following items: a +0 quarterstaff,
                  | a +0 robe, a ration; and the following spells available to
                  | memorise: Freeze, Magic Dart, Blink, Call Imp, Slow,
                  | Conjure Flame, Frozen Ramparts, Mephitic Cloud
     0 | D:1      | Reached XP level 1. HP: 12/12 MP: 7/7
     2 | D:1      | Learned a level 1 spell: Magic Dart
   393 | D:1      | Reached skill level 5 in Spellcasting
   393 | D:1      | Reached XP level 2. HP: 16/16 MP: 8/10
   464 | D:1      | Learned a level 2 spell: Blink
  1089 | D:3      | Reached XP level 3. HP: 14/20 MP: 9/11
  1248 | D:3      | Learned a level 3 spell: Frozen Ramparts
  1252 | D:3      | Learned a level 3 spell: Mephitic Cloud
  1256 | D:3      | Learned a level 3 spell: Conjure Flame
  1274 | D:3      | Reached skill level 1 in Dodging
  1274 | D:3      | Reached skill level 1 in Conjurations
  1274 | D:3      | Reached skill level 1 in Translocations
  1543 | D:4      | Noticed an ogre
  1550 | D:3      | Reached XP level 4. HP: 23/25 MP: 9/13
  1824 | D:3      | Found an iron altar of Okawaru.
  2092 | D:4      | Noticed an ogre
  2113 | D:4      | Reached skill level 6 in Spellcasting
  2113 | D:4      | Reached skill level 1 in Poison Magic
  2113 | D:4      | Reached XP level 5. HP: 22/29 MP: 7/15
  2244 | D:3      | Reached skill level 1 in Ice Magic
  2562 | D:3      | Noticed Robin
  2592 | D:3      | Killed Robin
  3188 | D:4      | Reached skill level 1 in Air Magic
  3368 | D:4      | Got a bloodstained long sword
  3370 | D:4      | Identified the +4 long sword "Zecreosm" {flame, rN+ Dex+4}
                  | (You found it on level 4 of the Dungeon)
  3411 | D:5      | Entered Level 5 of the Dungeon
  3411 | D:5      | Noticed a sky beast
  3525 | D:5      | Reached XP level 6. HP: 33/34 MP: 13/17
  3569 | D:5      | Found a glowing golden altar of the Shining One.
  3579 | D:5      | Noticed an ice beast
  4239 | D:4      | Reached skill level 7 in Spellcasting
  4359 | D:5      | Reached XP level 7. HP: 34/38 MP: 12/19
  4524 | D:5      | Found a staircase to the Ecumenical Temple.
  4544 | Temple   | Entered the Ecumenical Temple
  4681 | Temple   | Became a worshipper of Qazlal Stormbringer
  4922 | D:2      | Noticed Sigmund
  4944 | D:2      | Killed Sigmund
  5089 | D:2      | Found a shimmering blue altar of Sif Muna.
  5560 | D:2      | Reached skill level 1 in Long Blades
  6365 | D:5      | Reached skill level 8 in Spellcasting
  6365 | D:5      | Reached XP level 8. HP: 14/43 MP: 5/22
  6367 | D:5      | Reached * piety under Qazlal
  6591 | D:5      | Reached skill level 1 in Fire Magic
  6704 | D:5      | Found an opulent altar of Gozag.
  6706 | D:5      | Found a glowing silver altar of Zin.
  6732 | D:5      | Found an ornate altar of the Wu Jian Council.
  6735 | D:5      | Found a hide-covered altar of Uskayaw.
  7247 | D:6      | Reached skill level 9 in Spellcasting
  7739 | D:6      | Found a bloodstained altar of Trog.
  7748 | D:6      | Noticed a wizard
  8299 | D:6      | Killed a wizard
  8562 | D:6      | Reached XP level 9. HP: 47/47 MP: 24/24
  8705 | D:7      | Reached skill level 10 in Spellcasting
  9637 | D:7      | Learned a level 1 spell: Apportation
  9910 | D:7      | Found a runed translucent door.
  9911 | D:7      | Noticed Crazy Yiuf
  9932 | D:7      | Killed Crazy Yiuf
  9949 | D:7      | Got a crystal mace
  9952 | D:7      | Identified the +5 mace of the Hall of Blades {antimagic,
                  | rElec Int+3 SInv} (You found it on level 7 of the Dungeon)
 10535 | D:8      | Noticed Joseph
 10557 | D:8      | Reached skill level 1 in Short Blades
 10798 | D:8      | Killed Joseph
 11189 | D:8      | Reached skill level 1 in Armour
 11189 | D:8      | Reached skill level 11 in Spellcasting
 11405 | D:8      | Noticed a white ugly thing
 11420 | D:8      | Killed a white ugly thing
 11420 | D:8      | Reached XP level 10. HP: 52/52 MP: 18/27
 11489 | D:8      | Found a staircase to the Lair.
 11532 | D:8      | Reached skill level 5 in Dodging
 11650 | D:8      | Noticed a manticore
 11674 | D:8      | Found a burning altar of Makhleb.
 11680 | D:8      | Killed a manticore
 11909 | D:9      | Found a snail-covered altar of Cheibriados.
 11999 | D:9      | Reached ** piety under Qazlal
 12039 | D:9      | Found a shadowy altar of Dithmenos.
 12784 | D:9      | Found a staircase to the Orcish Mines.
 13344 | D:10     | Entered Level 10 of the Dungeon
 13813 | D:10     | Reached skill level 5 in Poison Magic
 13845 | D:10     | Reached *** piety under Qazlal
 14127 | D:11     | Noticed an unseen horror
 14478 | D:11     | Reached skill level 12 in Spellcasting
 14691 | D:11     | Noticed a gargoyle
 14701 | D:11     | Noticed a two-headed ogre
 14714 | D:11     | Killed from afar by a gargoyle

Illustrated notes

Levels and vault maps discovered:
D:1:      elethiomel_arrival_quiet, layout_basic, nrook_mini_backslash,
          chequers_decorated_corner
D:2:      layout_basic, lemuel_blue_sif_altar, uniq_sigmund
D:3:      layout_loops_corners, first_ration, corexii_hall_statues_t,
          okawaru_metal_pillars_1_2, uniq_robin
D:4:      layout_basic
D:5:      layout_loops_corners, nicolae_overflow_hidden_temple,
          old_standard_altar, minmay_temple_entry_glassed_door,
          kennysheep_generic_room_3
D:6:      layout_loops_ring, nrook_loot_triangle, trog_wizard
D:7:      layout_basic, uniq_crazy_yiuf_cottage
D:8:      layout_loops_ring, lemuel_crystal_altar, lair_entry_dummy, uniq_joseph
D:9:      layout_cave_pods, kennysheep_mini_moat, erik_orc_1, basic_altar,
          david_nohive_1
D:10:     layout_loops_ring
D:11:     layout_roguey, fedhas_altar_1
Temple:   dpeg_chambers_temple

Skill      XL: |  1  2  3  4  5  6  7  8  9 10 |
---------------+-------------------------------+-----
Spellcasting   | 5 6 7 8 9 11 12 | 12.1
Dodging        | 1 2 3 4 6 |  6.2
Conjurations   | 1 2 3 4 |  4.5
Translocations | 1 2 3 4 |  4.2
Poison Magic   | 1 2 3 4 5 |  5.1
Ice Magic      | 2 3 4 |  4.7
Air Magic      | 1 2 3 4 |  4.4
Long Blades    | 1 3 4 |  4.9
Fire Magic     | 3 4 |  4.1
Short Blades   | 1 2 |  2.2
Armour         | 1 3 |  3.1
Fighting       | |  1.0
Staves         | |  2.0
Shields        | |  1.6
Earth Magic    | |  2.1
Evocations     | |  1.1

Action                   |  1- 3 |  4- 6 |  7- 9 | 10-12 || total
-------------------------+-------+-------+-------+-------++-------
Melee: Quarterstaff      |     2 |       |       |       ||     2
       Dagger            |    17 |    29 |    60 |    49 ||   155
       Long sword        |       |     4 |   144 |    52 ||   200
       Staff             |       |     1 |       |       ||     1
Throw: Dart              |       |       |    41 |    14 ||    55
       Boomerang         |       |       |       |     3 ||     3
 Cast: Magic Dart        |    49 |    56 |    79 |    41 ||   225
       Frozen Ramparts   |     2 |    20 |    10 |    16 ||    48
       Mephitic Cloud    |       |     3 |    25 |    21 ||    49
       Blink             |       |     2 |    15 |     3 ||    20
       Conjure Flame     |       |       |    11 |     2 ||    13
       Apportation       |       |       |     6 |    13 ||    19
  Use: Scroll            |     4 |     8 |     4 |     1 ||    17
       Potion            |       |       |       |     2 ||     2
 Stab: Sleeping          |       |     1 |     1 |       ||     2
       Confused          |       |       |     4 |     9 ||    13
  Eat: Chunk             |     2 |     8 |    17 |     6 ||    33
       Ration            |       |       |     2 |     1 ||     3
Armor: Robe              |     4 |     5 |    29 |       ||    38
       Leather armour    |       |       |     6 |    51 ||    57
Dodge: Dodged            |    18 |    31 |   137 |    86 ||   272
Block: Other             |       |       |    10 |    13 ||    23
       Rpst.: Long sword |       |     5 |    30 |    14 ||    49
